 Dungeon Crawl Stone Soup version 0.27-a0-869-g165b36e3f0 (webtiles) character file.

Game seed: 9404538809783342270

15348 pokeman the Eclecticist (level 12, -1/66 HPs)
             Began as a Deep Elf Hedge Wizard on Apr 1, 2021.
             Was an Elder of Vehumet.
             Slain by a red ugly thing (19 damage)
             ... on level 12 of the Dungeon on Apr 2, 2021.
             The game lasted 00:52:55 (16773 turns).

pokeman the Eclecticist (Deep Elf Hedge Wizard)    Turns: 16773, Time: 00:52:55

Health: -1/66      AC: 10    Str: 17    XL:     12   Next: 0%
Magic:  20/33      EV: 12    Int: 25    God:    Vehumet [****..]
Gold:   695        SH:  5    Dex: 14    Spells: 23/42 levels left

rFire    . . .     SeeInvis .   w - +5 hand axe "Elf's Foe" {drain, *Corrode Will++ Stlth+}
rCold    . . .     Faith    .   j - +0 buckler {AC+3}
rNeg     . . .     Spirit   .   n - +0 leather armour
rPois    .         Reflect  .   (helmet restricted)
rElec    +         Harm     .   F - +2 cloak of the Living Hot Ocelot {rElec Str+4 Slay+6}
rCorr    +         Rampage  .   l - +0 pair of gloves
Will     +++..                  (no boots)
Stlth    +++.......             (no amulet)
HPRegen  0.21/turn              o - ring of resist corrosion
MPRegen  0.23/turn              L - +6 ring of strength

@: marked
A: beak, hooves 1
a: Renounce Religion


You were on level 12 of the Dungeon.
You worshipped Vehumet.
Vehumet was greatly pleased with you.
You visited 2 branches of the dungeon, and saw 13 of its levels.
You also visited: Sewer and Bailey.

You collected 695 gold pieces.

Inventory:

Hand Weapons
 m - a +0 shortbow
 t - a +0 arbalest
 w - the +5 hand axe "Elf's Foe" (weapon) {drain, *Corrode Will++ Stlth+}
   (You found it on level 5 of the Dungeon)

   A truly terrible weapon, it drains the life of those it strikes.
   It may corrode you when you take damage.
   It greatly increases your willpower.
   It makes you more stealthy.
 J - a +1 spear of venom
Missiles
 e - 292 arrows
 v - 279 bolts
 E - 9 curare-tipped darts
Armour
 j - a +0 buckler of protection (worn)
 l - a +0 pair of gloves (worn)
 n - a +0 leather armour (worn)
 s - a +2 helmet
 F - the +2 cloak of the Living Hot Ocelot (worn) {rElec Str+4 Slay+6}
   (You found it on level 7 of the Dungeon)

   It affects your strength (+4).
   It affects your accuracy and damage with ranged weapons and melee attacks
   (+6).
   It insulates you from electricity.
Magical Staves
 H - a staff of poison
Jewellery
 o - a ring of resist corrosion (left hand)
 L - a +6 ring of strength (right hand)
Wands
 r - a wand of paralysis (4)
 u - a wand of random effects (26)
 y - a wand of polymorph (6)
 I - a wand of charming (4)
Scrolls
 a - 2 scrolls of holy word
 d - 5 scrolls of enchant weapon {unknown}
 g - a scroll of enchant armour
 h - 3 scrolls of immolation
 i - a scroll of blinking
 p - a scroll of amnesia {unknown}
 q - a scroll of brand weapon {unknown}
 x - a scroll of summoning {unknown}
 C - 3 scrolls of teleportation
 D - a scroll of vulnerability {unknown}
Potions
 b - 2 potions of brilliance
 c - 2 potions of berserk rage
 f - 2 potions of haste
 k - 8 potions of curing
 z - 2 potions of lignification {unknown}
 A - a potion of attraction {unknown}
 B - 4 potions of flight
 G - 2 potions of heal wounds
 K - a potion of might {unknown}


   Skills:
 + Level 3.7 Fighting
 - Level 4.0 Armour
 - Level 3.0 Dodging
 - Level 3.0 Stealth
 - Level 4.0 Shields
 * Level 15.8 Spellcasting
 + Level 9.7 Conjurations
 - Level 1.1 Summonings
 - Level 1.1 Translocations
 + Level 9.0 Fire Magic
 - Level 1.0 Air Magic
 - Level 1.1 Earth Magic
 - Level 1.1 Poison Magic
 - Level 1.0 Evocations


You had 23 spell levels left.
You knew the following spells:

 Your Spells              Type           Power      Damage    Failure   Level
a - Magic Dart            Conj           100%       1d8       1%          1
b - Mephitic Cloud        Conj/Pois/Air  39%        N/A       1%          3
c - Call Imp              Summ           25%        N/A       3%          2
d - Blink                 Tloc           N/A        N/A       3%          2
e - Conjure Flame         Conj/Fire      61%        6-21      1%          3
f - Foxfire               Conj/Fire      100%       2x1d9     1%          1
g - Apportation           Tloc           50%        N/A       1%          1
h - Swiftness             Air            25%        N/A       3%          2
i - Shock                 Conj/Air       100%       1d9       1%          1
j - Stone Arrow           Conj/Erth      92%        3d12      1%          3

Your spell library contained the following spells:

 Spells                   Type           Power      Damage    Failure   Level
 Yara's Violent Unravell  Hex/Tmut       9%         3d6       22%         5
 Sandblast                Erth           50%        2d12      1%          1
 Summon Small Mammal      Summ           100%       N/A       1%          1
 Static Discharge         Conj/Air       46%        N/A       1%          3
 Lightning Bolt           Conj/Air       23%        1d38      2%          5
 Animate Skeleton         Necr           38%        N/A       3%          1
 Corona                   Hex            21%        N/A       3%          1
 Passwall                 Tmut/Erth      18%        N/A       3%          2
 Slow                     Hex            19%        N/A       4%          2
 Airstrike                Air            12%        N/A       5%          4
 Lee's Rapid Deconstruct  Erth           12%        3d10*     16%         5
 Petrify                  Tmut/Erth      22%        N/A       26%         4
 Animate Dead             Necr           9%         N/A       32%         4
 Borgnjor's Vile Clutch   Necr/Erth      11%        N/A       56%         5
 Death Channel            Necr           9%         N/A       99%         6
 Simulacrum               Ice/Necr       9%         N/A       99%         6


Dungeon Overview and Level Annotations

Branches:
Dungeon (12/15)            Temple (1/1) D:6            Lair (0/6) D:10
    Orc (0/2) D:12          Sewer (visited)          Bailey (visited)

Altars:
Ashenzari
Cheibriados
Dithmenos
Elyvilon
Fedhas
Gozag
Hepliaklqana
Kikubaaqudgha
Makhleb
Nemelex Xobeh
Okawaru
Qazlal
Ru
Sif Muna
Trog
Uskayaw
Vehumet
Wu Jian
Xom
Yredelemnul
Zin
The Shining One


Innate Abilities, Weirdness & Mutations

You have a beak for a mouth.
You have large cloven feet.


Message History

The ball explodes into a vile cloud!
The stinking cloud engulfs the purple ugly thing but does no damage.
The purple ugly thing is moderately wounded.
The stinking cloud engulfs you but does no damage.
You are engulfed in noxious fumes.
The purple ugly thing is engulfed in noxious fumes.
The purple ugly thing engulfs you.
Unknown command.
Unknown command.
The purple ugly thing is engulfed in noxious fumes.
The purple ugly thing appears confused.
The purple ugly thing engulfs the slime creature.
Unknown command.
Unknown command.
Unknown command.
The purple ugly thing is engulfed in noxious fumes.
The purple ugly thing appears confused.
The purple ugly thing is engulfed in noxious fumes.
The purple ugly thing engulfs you!
The purple ugly thing is engulfed in noxious fumes.
Casting: Mephitic Cloud (safe; 1% risk of failure)
Confirm with . or Enter, or press ? or * to list all spells.
The fire begins to smolder!
The slime creature smothers the flame.
The purple ugly thing seems less confused.
The purple ugly thing sets off the alarm!
The alarm trap emits a blaring wail!
A sentinel's mark forms upon you. You block the slime creature's attack.
You hear an angry hiss.
You hear two shouts!
You hear an angry buzzing noise. x3
You hear a roar!
The purple ugly thing completely misses you.
The purple ugly thing basks in the mutagenic energy from its kin and changes!
The rakshasa weaves an illusion.
The slime creature shimmers and seems to become two!
There is a stone staircase leading up here.
The red ugly thing punches you.
* * * LOW HITPOINT WARNING * * *
You are engulfed in flames!!
You die...

......†........##
#..............
#...............#
##...........##
#...............#
#...........#
#...............##
##..........#
#................#
#..........#
#................#
##........##
##...............# #......###
##.........(.)...######....##
###...........Ju@.##......##
###......R.u.J..##.##..#####
####.....................#
#.###################.#
##.#♣♣.♣♣ #.# ##..#♣R.u♣ #.#
##...#y#'#y# #.# #....#u#.#.#
#.## ##....#.#.# # #..###


You could see 2 ugly things, a rakshasa and 2 slime creatures.

Vanquished Creatures
  A boulder beetle (D:11)
  2 two-headed ogres
  A tengu warrior (D:9)
  Sonja (D:10)
  An orc knight (Bailey)
  A deep elf pyromancer (D:12)
  An ugly thing (D:12)
  A cyclops (D:12)
  Maurice (D:10)
  An elephant (D:10)
  A gargoyle (D:11)
  An unseen horror (D:12)
  2 kobold demonologists
  3 trolls
  Prince Ribbit (D:7)
  Grum (D:11)
  A wyvern (D:10)
  9 yaks
  6 vampire mosquitoes
  A steam dragon (D:8)
  2 water moccasins
  3 acid dragons
  18 orc warriors
  2 black bears (D:10)
  2 ogres (D:5)
  A necrophage (D:6)
  2 wolves (D:11)
  8 centaurs
  4 bullfrogs (D:8)
  2 gnoll sergeants
  2 scorpions (D:5)
  11 killer bees
  2 electric eels (D:10)
  A howler monkey (D:9)
  A centaur zombie (D:9)
  2 bullfrog zombies
  8 orc priests
  8 hounds
  2 gnoll shamans
  2 centaur skeletons
  12 orc wizards
  A scorpion zombie (D:5)
  3 iguanas
  A merfolk siren (Sewer)
  A merfolk avatar (Sewer)
  A hound skeleton (D:5)
  24 gnolls
  A howler monkey skeleton (D:4)
  11 adders
  3 river rats (Sewer)
  A white imp (D:7)
  An adder skeleton (D:5)
  A worm (D:5)
  2 dart slugs (D:1)
  46 orcs
  2 bats (D:3)
  3 endoplasms
  4 giant cockroaches
  9 goblins
  7 hobgoblins
  6 jackals (D:1)
  4 kobolds
  8 quokkas
  7 ball pythons
  10 frilled lizards
  21 rats
310 creatures vanquished.

Vanquished Creatures (collateral kills)
  A killer bee (D:9)
  An orc wizard (D:3)
  An orc (D:3)
  A foxfire (Sewer)
4 creatures vanquished.

Vanquished Creatures (others)
  300 foxfires
300 creatures vanquished.

Grand Total: 614 creatures vanquished

Notes
Turn   | Place    | Note
-------+----------+-------------------------------------------
     0 | D:1      | pokeman the Deep Elf Hedge Wizard began the quest for the
                  | Orb.
     0 | D:1      | Reached XP level 1. HP: 10/10 MP: 7/7
   245 | D:1      | Reached XP level 2. HP: 16/16 MP: 3/9
   805 | D:1      | Reached skill level 5 in Spellcasting
   934 | D:1      | Found a faded altar of an unknown god.
  1320 | D:2      | Reached XP level 3. HP: 10/20 MP: 4/11
  1330 | D:2      | Learned a level 3 spell: Mephitic Cloud
  1333 | D:2      | Learned a level 2 spell: Call Imp
  1336 | D:2      | Learned a level 2 spell: Blink
  1340 | D:2      | Learned a level 3 spell: Conjure Flame
  1835 | D:2      | Reached skill level 1 in Fighting
  1835 | D:2      | Gained mutation: You have a pair of small horns on your
                  | head. [potion of mutation]
  1835 | D:2      | Gained mutation: Armour fits poorly on your strangely
                  | shaped body. [potion of mutation]
  1835 | D:2      | Gained mutation: You are partially covered in iridescent
                  | scales. (AC +2) [potion of mutation]
  1852 | D:2      | Reached skill level 1 in Armour
  2693 | D:2      | Reached XP level 4. HP: 18/25 MP: 7/13
  3495 | D:3      | Reached skill level 1 in Fire Magic
  3652 | D:3      | Reached skill level 6 in Spellcasting
  3652 | D:3      | Reached XP level 5. HP: 12/29 MP: 5/15
  4522 | D:4      | Reached skill level 1 in Air Magic
  4792 | D:4      | Reached XP level 6. HP: 34/34 MP: 12/17
  5100 | D:4      | Learned a level 1 spell: Apportation
  5405 | D:5      | Entered Level 5 of the Dungeon
  5409 | D:5      | Identified the +5 hand axe "Elf's Foe" {drain, *Corrode
                  | Will++ Stlth+}
  5457 | D:5      | Reached skill level 7 in Spellcasting
  5457 | D:5      | Reached skill level 1 in Poison Magic
  5475 | D:5      | Reached skill level 1 in Evocations
  5539 | D:5      | Reached XP level 7. HP: 17/39 MP: 16/20
  5753 | D:5      | Found a sparkling altar of Nemelex Xobeh.
  5959 | D:5      | Learned a level 1 spell: Shock
  5962 | D:5      | Learned a level 2 spell: Swiftness
  5984 | D:5      | Reached skill level 8 in Spellcasting
  6917 | D:6      | Reached XP level 8. HP: 34/44 MP: 16/22
  7054 | D:6      | Found a staircase to the Ecumenical Temple.
  7063 | D:6      | Reached skill level 9 in Spellcasting
  7091 | Temple   | Entered the Ecumenical Temple
  7098 | Temple   | Became a worshipper of Vehumet
  7184 | D:6      | Found a glowing drain.
  7198 | Sewer    | Entered a sewer
  7491 | Sewer    | Reached * piety under Vehumet
  7491 | Sewer    | Offered knowledge of Foxfire by Vehumet.
  7495 | Sewer    | Learned a level 1 spell: Foxfire
  8126 | D:6      | Reached skill level 5 in Conjurations
  8328 | D:7      | Learned a level 3 spell: Stone Arrow
  8396 | D:7      | Offered knowledge of Freeze by Vehumet.
  8419 | D:7      | Reached skill level 1 in Earth Magic
  8422 | D:7      | Reached ** piety under Vehumet
  8437 | D:7      | Reached skill level 10 in Spellcasting
  8498 | D:7      | Reached skill level 1 in Shields
  8963 | D:7      | Identified the +2 cloak of the Living Hot Ocelot {rElec
                  | Str+4 Slay+6}
  9052 | D:7      | Found a bloodstained altar of Trog.
  9055 | D:7      | Found an opulent altar of Gozag.
  9056 | D:7      | Noticed Prince Ribbit
  9062 | D:7      | Killed Prince Ribbit
  9063 | D:7      | Reached XP level 9. HP: 43/48 MP: 22/25
  9092 | D:7      | Found a white marble altar of Elyvilon.
  9531 | D:8      | Reached skill level 11 in Spellcasting
  9608 | D:8      | Reached skill level 5 in Fire Magic
  9976 | D:8      | Offered knowledge of Ignite Poison by Vehumet.
 10574 | D:9      | Noticed a kobold demonologist
 10584 | D:9      | Killed a kobold demonologist
 10669 | D:9      | Reached skill level 12 in Spellcasting
 10683 | D:9      | Reached XP level 10. HP: 49/53 MP: 24/28
 10762 | D:9      | Found a flagged portal.
 10771 | Bailey   | Entered a bailey
 10815 | Bailey   | Reached *** piety under Vehumet
 11242 | Bailey   | Noticed an orc knight
 11264 | Bailey   | Killed an orc knight
 11265 | Bailey   | Reached skill level 13 in Spellcasting
 11477 | Bailey   | Offered knowledge of Fulminant Prism by Vehumet.
 11983 | D:9      | Noticed a tengu warrior
 11994 | D:9      | Killed a tengu warrior
 12242 | D:9      | Lost mutation: You have a pair of small horns on your head.
                  | [potion of mutation]
 12242 | D:9      | Lost mutation: You are partially covered in iridescent
                  | scales. (AC +2) [potion of mutation]
 12242 | D:9      | Gained mutation: You have large cloven feet. [potion of
                  | mutation]
 12242 | D:9      | Gained mutation: You have hoof-like feet. [potion of
                  | mutation]
 12242 | D:9      | Gained mutation: You possess an exceptional clarity of
                  | mind. [potion of mutation]
 12648 | D:9      | Reached **** piety under Vehumet
 12826 | D:10     | Entered Level 10 of the Dungeon
 12859 | D:10     | Noticed a two-headed ogre
 12869 | D:10     | Killed a two-headed ogre
 12870 | D:10     | Reached skill level 14 in Spellcasting
 12892 | D:10     | Reached XP level 11. HP: 58/60 MP: 20/31
 12927 | D:10     | Noticed Maurice
 12973 | D:10     | Killed Maurice
 13234 | D:10     | Found a staircase to the Lair.
 13518 | D:10     | Offered knowledge of Yara's Violent Unravelling by Vehumet.
 13532 | D:10     | Upgraded the game from 0.27-a0-860-gaf99fae3ca to
                  | 0.27-a0-869-g165b36e3f0
 13540 | D:10     | Noticed Sonja
 13556 | D:10     | Killed Sonja
 13983 | D:11     | Noticed Grum
 13996 | D:11     | Killed Grum
 14434 | D:11     | Noticed a boulder beetle
 14440 | D:11     | HP: 3/60 [boulder beetle (2)]
 15575 | D:11     | Reached skill level 15 in Spellcasting
 15756 | D:11     | Killed a boulder beetle
 15888 | D:12     | Noticed a deep elf pyromancer
 15888 | D:12     | Noticed a green ugly thing
 15893 | D:12     | Killed a green ugly thing
 15895 | D:12     | Killed a deep elf pyromancer
 15897 | D:12     | Noticed a boulder beetle
 15993 | D:12     | Noticed a two-headed ogre
 16000 | D:12     | Killed a two-headed ogre
 16111 | D:12     | Found a staircase to the Orcish Mines.
 16118 | D:12     | Lost mutation: Armour fits poorly on your strangely shaped
                  | body. [potion of mutation]
 16118 | D:12     | Lost mutation: You have hoof-like feet. [potion of
                  | mutation]
 16118 | D:12     | Lost mutation: You possess an exceptional clarity of mind.
                  | [potion of mutation]
 16118 | D:12     | Gained mutation: You have a beak for a mouth. [potion of
                  | mutation]
 16740 | D:12     | Noticed a purple ugly thing
 16744 | D:12     | Noticed a rakshasa
 16745 | D:12     | Noticed a red ugly thing
 16746 | D:12     | Reached XP level 12. HP: 59/66 MP: 25/33
 16773 | D:12     | Slain by a red ugly thing

Illustrated notes

Levels and vault maps discovered:
D:1:      shiori_arrival_oz, layout_basic, basic_ecumenical_altar
D:2:      layout_loops_corners
D:3:      layout_loops_cross, st_stairs_3, amcnicky_mini_corridor_feature,
          chequers_serial_rivers_micro_d
D:4:      layout_cave_pods
D:5:      layout_basic, nemelex_xobeh_ov_fountains_minmay
D:6:      layout_basic, temple_green, portal_sewer_entry_f,
          kennysheep_generic_room_14
D:7:      layout_rooms, grunt_temple_overflow_diamond, uniq_prince_ribbit1
D:8:      layout_loops_ring
D:9:      layout_loops_ring, enter_bailey_7
D:10:     layout_basic, david_lair_generic, nrook_mini_backslash, uniq_maurice,
          uniq_sonja
D:11:     layout_long_grid, uniq_grum
D:12:     nzn_winding_woodlands_small [nzn_winding_woodlands_5x15_longhouse,
          nzn_winding_woodlands_center_triple_pond,
          nzn_winding_woodlands_5x15_pockets], layout_cave_pods
Temple:   nicolae_temple_no_exploring_needed

Skill      XL: |  1  2  3  4  5  6  7  8  9 10 11 |
---------------+----------------------------------+-----
Spellcasting   | 5 6 7 8 10 12 14 15 | 15.8
Fighting       | 1 2 3 |  3.7
Armour         | 1 2 4 |  4.0
Conjurations   | 2 3 4 5 7 8 9 |  9.7
Fire Magic     | 1 2 4 6 7 9 |  9.0
Dodging        | 3 |  3.0
Air Magic      | 1 |  1.0
Stealth        | 3 |  3.0
Poison Magic   | 1 |  1.1
Evocations     | 1 |  1.0
Earth Magic    | 1 |  1.1
Shields        | 1 3 4 |  4.0
Summonings     | |  1.1
Translocations | |  1.1

Action                   |  1- 3 |  4- 6 |  7- 9 | 10-12 || total
-------------------------+-------+-------+-------+-------++-------
Melee: Dagger            |     1 |    14 |       |       ||    15
       Headbutt          |       |     4 |    17 |     6 ||    27
       Hand axe          |       |    20 |    95 |    92 ||   207
       Kick              |       |       |       |    13 ||    13
 Cast: Magic Dart        |   101 |    79 |    49 |    18 ||   247
       Call Imp          |       |     2 |     3 |    13 ||    18
       Mephitic Cloud    |       |     8 |    25 |    57 ||    90
       Conjure Flame     |       |     1 |     9 |    25 ||    35
       Shock             |       |       |    36 |    19 ||    55
       Foxfire           |       |       |    96 |    81 ||   177
       Blink             |       |       |     5 |     7 ||    12
       Stone Arrow       |       |       |       |    72 ||    72
       Swiftness         |       |       |       |     1 ||     1
Evoke: Wand              |       |       |     4 |       ||     4
  Use: Potion            |     3 |     3 |       |     2 ||     8
       Scroll            |       |       |       |     9 ||     9
 Stab: Confused          |       |     3 |     5 |    12 ||    20
       Sleeping          |       |     2 |     2 |       ||     4
       Paralysed         |       |       |     7 |       ||     7
       Petrified         |       |       |     1 |       ||     1
Armor: Robe              |     6 |       |       |       ||     6
       Leather armour    |       |    10 |    16 |    31 ||    57
Dodge: Dodged            |    18 |    26 |    37 |    63 ||   144
Block: Buckler           |       |       |       |    21 ||    21

Table legend: (Time is in decaauts)
 A = Elapsed time spent in this place.
 B = Non-inter-level travel time spent in this place.
 C = Inter-level travel time spent in this place.
 D = Time resting spent in this place.
 E = Time spent auto-exploring this place.
 F = Levels seen in this place.
 G = Mean time per level.
                   A        B        C        D        E       F      G
               +--------+--------+--------+--------+--------+-----+--------+
         Total |  16912 |  16512 |    400 |   1890 |  11637 |  15 | 1127.5 |
       Dungeon |  15107 |  14713 |    394 |   1876 |  10295 |  12 | 1258.9 |
        Temple |     14 |      8 |      6 |      0 |      0 |   1 |   14.0 |
         Sewer |    621 |    621 |      0 |      0 |    436 |   1 |  621.0 |
        Bailey |   1169 |   1169 |      0 |     14 |    906 |   1 | 1169.0 |
               +--------+--------+--------+--------+--------+-----+--------+

Top non-repeatable levels by time:
     D:2: 1986 daAuts
    D:11: 1843 daAuts
    D:10: 1579 daAuts
     D:5: 1508 daAuts
     D:1: 1313 daAuts
     D:9: 1227 daAuts
  Bailey: 1169 daAuts
     D:4: 1075 daAuts
     D:6: 1018 daAuts
     D:7: 1013 daAuts
     D:3: 1008 daAuts
     D:8: 949 daAuts
   Sewer: 621 daAuts
    D:12: 582 daAuts
  Temple: 14 daAuts
